 Dungeon Crawl Stone Soup version 0.27-a0-797-g27d10ad80f (webtiles) character file.

Game seed: 4989802984342427401

185 porpoise the Conjurer (level 5, 0/29 HPs)
             Began as a Deep Elf Conjurer on Mar 28, 2021.
             Succumbed to a scorpion's poison
             ... on level 3 of the Dungeon.
             The game lasted 00:10:06 (3607 turns).

porpoise the Conjurer (Deep Elf Conjurer)           Turns: 3607, Time: 00:10:06

Health: 0/29       AC:  3    Str:  4    XL:     5   Next: 37%
Magic:  10/14      EV: 12    Int: 24    God:
Gold:   138        SH:  0    Dex: 13    Spells: 3/14 levels left

rFire    . . .     SeeInvis .   b - +0 hunting sling
rCold    . . .     Faith    .   (no shield)
rNeg     . . .     Spirit   .   d - +0 robe
rPois    .         Reflect  .   f - +0 helmet
rElec    .         Harm     .   (no cloak)
rCorr    .         Rampage  .   (no gloves)
Will     .....                  (no boots)
Stlth    ++........             (no amulet)
HPRegen  0.09/turn              (no ring)
MPRegen  0.14/turn              (no ring)

@: lethally poisoned (0 -> -17)
A: no striking features
a: no special abilities


You were on level 3 of the Dungeon.
You visited 1 branch of the dungeon, and saw 4 of its levels.

You collected 138 gold pieces.

Inventory:

Hand Weapons
 a - a +2 dagger of electrocution
 b - a +0 hunting sling (weapon)
Missiles
 i - 60 stones (quivered ammo)
 k - 3 poisoned darts
Armour
 d - a +0 robe (worn)
 f - a +0 helmet (worn)
Scrolls
 g - a scroll of teleportation
 h - a scroll of fear {unknown}
Potions
 e - 3 potions of curing
 j - a potion of might
 l - a potion of brilliance {unknown}


   Skills:
 + Level 1.5 Fighting
 - Level 2.4 Dodging
 - Level 2.4 Stealth
 - Level 5.0 Spellcasting
 + Level 6.0 Conjurations


You had 3 spell levels left.
You knew the following spells:

 Your Spells              Type           Power      Damage    Failure   Level
a - Magic Dart            Conj           100%       1d8       1%          1
b - Searing Ray           Conj           70%        3d5       1%          2
c - Fulminant Prism       Conj/Hex       10%        3d9       26%         4
d - Iskenderun's Mystic   Conj/Tloc      20%        2d6       26%         4

Your spell library contained the following spells:

 Spells                   Type           Power      Damage    Failure   Level
 Dazzling Flash           Conj/Hex       40%        N/A       8%          3
 Confusing Touch          Hex            6%         N/A       26%         3
 Gell's Gravitas          Tloc           3%         N/A       26%         3
 Petrify                  Tmut/Erth      6%         N/A       65%         4
 Metabolic Englaciation   Hex/Ice        3%         N/A       94%         5
 Yara's Violent Unravell  Hex/Tmut       3%         3d4       94%         5


Dungeon Overview and Level Annotations

Branches:
Dungeon (4/15)
 Temple: D:4-7

Altars:
Cheibriados


Message History

e - 3 potions of curing
As you read the scroll of identify, it crumbles to dust.
j - a potion of might
As you read the scroll labelled BIAMYI WOICW, it crumbles to dust.
You feel strangely unstable.
It was a scroll of teleportation.
You climb upwards.
There is a stone staircase leading down here.
Done exploring.
Your surroundings suddenly seem different.
(D) Dungeon
Where to? (Enter - D:4, ? - help)
There is a stone staircase leading down here.
You climb downwards.
A scorpion and a skeleton come into view.
The jackal skeleton bites you but does no damage.
The jackal skeleton misses you.
There is a stone staircase leading up here.
The jackal skeleton closely misses you. The scorpion closely misses you.
You climb upwards.
There is a stone staircase leading down here.
Casting: Magic Dart (safe; 1% risk of failure)
Confirm with . or Enter, or press ? or * to list all spells.
Aiming: Searing Ray (safe; 1% risk of failure)
Press: ? - help, Shift-Dir - straight line, f - scorpion
Aim: a scorpion (19% to evade)
The searing ray hits the scorpion!
The scorpion is moderately wounded. (Press . to maintain the ray.)
The scorpion stings you!
You are poisoned.
The scorpion poisons you!
The searing ray hits the scorpion!
The scorpion is almost dead.
You feel extremely sick. The scorpion stings you.
You are lethally poisoned!
The scorpion poisons you!
The searing ray hits the scorpion!
You kill the scorpion!
You die...

####### #........# #.....#
#........# #.....# #........#
#.....# #........# ####.....#
##...[....## .........#
#........<.# .........###
#..........####
...........#####.............#
...........+....@###....#.##.#
................†..#.#..#.##.####
........+########+.#....#.......#
........#........#...........##.#
........#.'####'.#........#####.#
...##...#.#....#.#..............#
...##...#.#.##.#.#........#######
...##.#.#.#.##.#.#..#######
...##...#)#....#.#..#


There were no monsters in sight!

Vanquished Creatures
  A scorpion (D:3)
  A hound (D:3)
  Robin (D:2)
  3 adders
  3 gnolls (D:2)
  2 worms (D:3)
  2 dart slugs (D:2)
  7 ball pythons
  4 endoplasms
  3 giant cockroaches
  11 goblins
  6 hobgoblins
  14 jackals
  4 quokkas
  3 bats
  4 frilled lizards
  5 kobolds
  5 rats
79 creatures vanquished.

Notes
Turn   | Place    | Note
-------+----------+-------------------------------------------
     0 | D:1      | porpoise the Deep Elf Conjurer began the quest for the Orb.
     0 | D:1      | Reached XP level 1. HP: 10/10 MP: 6/6
   456 | D:1      | Reached XP level 2. HP: 15/15 MP: 5/8
   562 | D:1      | Learned a level 2 spell: Searing Ray
  1396 | D:1      | Reached skill level 5 in Conjurations
  1396 | D:1      | Reached XP level 3. HP: 19/19 MP: 8/10
  1660 | D:2      | Reached XP level 4. HP: 24/24 MP: 4/12
  1720 | D:2      | Learned a level 4 spell: Fulminant Prism
  1725 | D:2      | Learned a level 4 spell: Iskenderun's Mystic Blast
  1842 | D:2      | Noticed Robin
  1857 | D:2      | Killed Robin
  1873 | D:2      | Reached skill level 5 in Spellcasting
  2944 | D:3      | Reached skill level 1 in Fighting
  2944 | D:3      | Reached XP level 5. HP: 29/29 MP: 9/14
  3090 | D:3      | Reached skill level 6 in Conjurations
  3161 | D:3      | Found a snail-covered altar of Cheibriados.
  3607 | D:3      | Succumbed to a scorpion's poison

Illustrated notes

Levels and vault maps discovered:
D:1:      dpeg_arrival_short_road, layout_basic
D:2:      layout_basic, uniq_robin
D:3:      layout_basic, minivault_11, cheibriados_altar_1
D:4:      layout_loops_ring, nicolae_elyvilon_temple_path,
          minmay_temple_entry_mist, uniq_blork_the_orc

Skill      XL: |  1  2  3  4  5 |
---------------+----------------+-----
Spellcasting   | 4 5 |  5.0
Conjurations   | 5 6 |  6.0
Fighting       | 1 |  1.5
Dodging        | |  2.4
Stealth        | |  2.4

Action                   |  1- 3 |  4- 6 || total
-------------------------+-------+-------++-------
Melee: Dagger            |       |     4 ||     4
 Fire: Hunting sling     |       |     3 ||     3
 Cast: Magic Dart        |    31 |    29 ||    60
       Searing Ray       |    10 |    21 ||    31
  Use: Scroll            |       |     3 ||     3
 Stab: Sleeping          |       |     2 ||     2
Armor: Robe              |     1 |     2 ||     3
Dodge: Dodged            |     4 |     8 ||    12

Table legend: (Time is in decaauts)
 A = Elapsed time spent in this place.
 B = Non-inter-level travel time spent in this place.
 C = Inter-level travel time spent in this place.
 D = Time resting spent in this place.
 E = Time spent auto-exploring this place.
 F = Levels seen in this place.
 G = Mean time per level.
                   A        B        C        D        E       F      G
               +--------+--------+--------+--------+--------+-----+--------+
         Total |   3604 |   3539 |     65 |   1358 |   1802 |   4 |  901.0 |
       Dungeon |   3604 |   3539 |     65 |   1358 |   1802 |   4 |  901.0 |
               +--------+--------+--------+--------+--------+-----+--------+

Top non-repeatable levels by time:
     D:1: 1544 daAuts
     D:2: 1223 daAuts
     D:3: 828 daAuts
     D:4: 7 daAuts
